 Dungeon Crawl Stone Soup version 0.27-a0-1200-g94dc6ad4cf (webtiles) character file.

Game seed: 18038309993675285944

6282 bande the Cleaver (level 10, 0/61 HPs)
             Began as a Gargoyle Fighter on May 30, 2021.
             Was a High Priest of Okawaru.
             Slain by a cane toad (12 damage)
             ... on level 1 of the Lair of Beasts on May 31, 2021.
             The game lasted 00:17:37 (9653 turns).

bande the Cleaver (Gargoyle Fighter)                Turns: 9653, Time: 00:17:38

Health: 0/61       AC: 21    Str: 21    XL:     10   Next: 94%
Magic:  15/15      EV:  7    Int: 10    God:    Okawaru [*****.]
Gold:   266        SH: 12    Dex: 10    Spells: 9/9 levels left

rFire    + . .     SeeInvis +   v - +3 hand axe (flame)
rCold    . . .     Faith    .   c - +1 kite shield
rNeg     + . .     Spirit   .   r - +0 chain mail
rPois    ∞         Reflect  .   w - +2 hat {SInv}
rElec    +         Harm     .   q - +0 cloak
rCorr    .         Rampage  .   (no gloves)
Will     +....                  (no boots)
Stlth    ..........             (no amulet)
HPRegen  0.20/turn              n - ring of willpower
MPRegen  0.14/turn              A - ring of protection from fire

@: no status effects
A: sickness immunity, AC +7, negative energy resistance 1, electricity
resistance, torment resistance 1, petrification resistance
a: Renounce Religion, Heroism, Finesse


You were on level 1 of the Lair of Beasts.
You worshipped Okawaru.
Okawaru was extremely pleased with you.
You visited 3 branches of the dungeon, and saw 10 of its levels.

You collected 512 gold pieces.
You spent 246 gold pieces at shops.

Inventory:

Hand Weapons
 a - a +1 war axe of freezing
 v - a +3 hand axe of flaming (weapon)
Missiles
 y - a throwing net (quivered)
 E - 15 curare-tipped darts
Armour
 c - a +1 kite shield (worn)
 q - a +0 cloak (worn)
 r - a +0 chain mail (worn)
 w - a +2 hat of see invisible (worn)
Jewellery
 h - a ring of resist corrosion
 n - a ring of willpower (left hand)
 A - a ring of protection from fire (right hand)
 B - a ring of magical power
 C - a ring of see invisible
Wands
 b - a wand of acid (8)
 D - a wand of iceblast (9)
Scrolls
 i - a scroll of magic mapping
 l - 3 scrolls of fog
 m - 5 scrolls of enchant weapon
 p - 3 scrolls of enchant armour
 t - a scroll of identify
 x - a scroll of teleportation
Potions
 d - a potion of invisibility
 e - 2 potions of flight
 f - a potion of haste
 g - 4 potions of curing
 j - a potion of brilliance
 k - 3 potions of degeneration {unknown}
 o - a potion of heal wounds
 s - 2 potions of ambrosia
 z - a potion of resistance


   Skills:
 + Level 6.5 Fighting
 + Level 9.1 Axes
 + Level 7.5 Armour
 + Level 2.4 Dodging
 - Level 0.6 Stealth
 + Level 8.2 Shields
 * Level 7.3 Invocations


You had 9 spell levels left.
You didn't know any spells.
Your spell library contained the following spells:

 Spells                   Type           Power      Damage    Failure   Level
 Corona                   Hex            0%         N/A       100%        1
 Foxfire                  Conj/Fire      0%         2x1d4     100%        1
 Sandblast                Erth           0%         2d4       100%        1
 Ensorcelled Hibernation  Hex/Ice        0%         N/A       100%        2
 Passwall                 Tmut/Erth      0%         N/A       100%        2
 Confusing Touch          Hex            0%         N/A       100%        3
 Conjure Flame            Conj/Fire      0%         6-21      100%        3
 Dazzling Flash           Conj/Hex       0%         N/A       100%        3
 Inner Flame              Hex/Fire       0%         N/A       100%        3
 Stone Arrow              Conj/Erth      0%         3d7       100%        3
 Tukima's Dance           Hex            0%         N/A       100%        3
 Petrify                  Tmut/Erth      0%         N/A       100%        4
 Sticky Flame             Conj/Fire      0%         2d3       100%        4
 Fireball                 Conj/Fire      0%         3d3       100%        5
 Lee's Rapid Deconstruct  Erth           0%         3d5*      100%        5


Dungeon Overview and Level Annotations

Branches:
Dungeon (8/15)             Temple (1/1) D:5            Lair (1/6) D:8

Altars:
Ashenzari
Cheibriados
Dithmenos
Fedhas
Gozag
Hepliaklqana
Makhleb
Okawaru
Qazlal
Ru
Sif Muna
Trog
Vehumet
Wu Jian
Xom
Zin
The Shining One

Shops:
D:5 (   D:6 [   D:7 (

Annotations:
Lair:1 Grum, Joseph


Innate Abilities, Weirdness & Mutations

You are immune to sickness and miasma.
Your stone body is resilient. (AC +7)
You are immune to poison.
You resist negative energy. (rN+)
You are resistant to electric shocks. (rElec)
You are resistant to unholy torment.
You are immune to petrification.


Message History

The wolf bites you but does no damage.
The blink frog hits you but does no damage.
You block the blink frog's attack.
The blink frog hits you but does no damage.
The wolf bites the fungus.
The fungus begins to die.
The blink frog blinks!
You block the blink frog's attack.
The wolf bites something!
The wolf bites the fungus!
The blink frog blinks!
The wolf bites the fungus!
Joseph hits the fungus with a +0 quarterstaff!
A cane toad comes into view.
The cane toad gives a loud, deep croak!
The wolf bites the fungus.
A water moccasin comes into view.
The wolf bites the fungus.
The blink frog blinks!
You hit the blink frog. You burn the blink frog.
The blink frog is severely wounded.
You block the blink frog's attack.
The blink frog blinks!
You barely miss the blink frog.
The blink frog is severely wounded.
You closely miss the water moccasin.
The water moccasin bites you but does no damage.
The blink frog barely misses you. The cane toad stings you!
Unknown command.
You block Grum's attack. You block the cane toad's attack.
You hit the wolf. You burn the wolf.
The wolf is moderately wounded.
You hit the cane toad. You burn the cane toad. You hit the water moccasin.
You burn the water moccasin. The water moccasin bites you. The wolf misses you.
Grum closely misses you. You block the cane toad's attack.
You block the water moccasin's attack.
The blink frog blinks!
The wolf bites you but does no damage.
You barely miss the wolf.
The wolf is moderately wounded.
You barely miss the water moccasin. You barely miss the cane toad.
You block the water moccasin's attack.
Grum stares intently and snarls.
Grum hits you from afar with a +0 spear!
* * * LOW HITPOINT WARNING * * *
The wolf barely misses you. The cane toad stings you!
You die...

.# ... .### ##.# ### #
F... .#.##.#.#. #...
... >... #..## #..#..#
#..##.##.#..## #
######..##......(.#...
......FS# #.<.......
.#..###@# ###.##.#....
#h###...^.......
#gh##.#.##P#...
#@###..## # ...
#.##..## ## #.###.#
##.###.# #
#...##.#######.
#####P###.###.........


You could see Joseph, Grum, a cane toad, a blink frog, a water moccasin and 2
wolves.

Vanquished Creatures
  Gastronok (D:8)
  A hydra (D:7)
  A komodo dragon (D:8)
  Grinder (D:4)
  Prince Ribbit (D:6)
  Sigmund (D:3)
  A wyvern (D:8)
  2 water moccasins (D:8)
  A black bear (D:7)
  An ice beast (D:6)
  5 sky beasts
  A wolf (Lair:1)
  3 centaurs
  2 phantoms (D:7)
  4 kobold brigands
  2 bullfrogs (D:8)
  A water moccasin zombie (D:7)
  A scorpion (D:5)
  2 wyvern zombies (D:7)
  2 water moccasin skeletons
  3 wights (D:7)
  3 howler monkeys (D:8)
  2 bullfrog zombies
  2 centaur zombies
  A hound (D:4)
  A bullfrog skeleton (D:6)
  A gnoll shaman (D:7)
  An orc priest (D:2)
  Crazy Yiuf (D:2)
  A jelly (D:4)
  2 iguanas
  2 orc wizards
  A mummy (D:5)
  Robin (D:3)
  11 gnolls
  6 adders
  A howler monkey skeleton (D:6)
  2 white imps
  An ufetubus (D:5)
  An adder skeleton (D:4)
  2 worms
  3 dart slugs
  14 orcs
  5 ball pythons
  6 bats
  8 endoplasms
  7 giant cockroaches
  17 goblins
  15 hobgoblins
  12 jackals
  22 kobolds
  7 quokkas
  3 frilled lizards
  2 hobgoblin zombies (D:5)
  A kobold zombie (D:5)
  An orc zombie (D:5)
  4 rats
207 creatures vanquished.

Vanquished Creatures (others)
  A fungus (Lair:1)
  4 plants
5 creatures vanquished.

Grand Total: 212 creatures vanquished

Notes
Turn   | Place    | Note
-------+----------+-------------------------------------------
     0 | D:1      | bande the Gargoyle Fighter began the quest for the Orb.
     0 | D:1      | Reached XP level 1. HP: 14/14 MP: 1/1
   118 | D:1      | Reached XP level 2. HP: 19/19 MP: 2/2
   133 | D:1      | Reached skill level 2 in Axes
   190 | D:1      | Reached XP level 3. HP: 19/24 MP: 3/3
   308 | D:1      | Found a faded altar of an unknown god.
   888 | D:2      | Reached XP level 4. HP: 24/29 MP: 4/4
  1106 | D:2      | You fall into a shaft and drop 2 floors!
  1155 | D:4      | Found an iron altar of Okawaru.
  1180 | D:4      | Became a worshipper of Warmaster Okawaru
  1212 | D:3      | Reached skill level 3 in Axes
  1267 | D:3      | Noticed a sky beast
  1281 | D:3      | Killed a sky beast
  1282 | D:3      | Reached XP level 5. HP: 25/33 MP: 5/5
  1525 | D:2      | Found a runed translucent door.
  1526 | D:2      | Noticed Crazy Yiuf
  1843 | D:2      | Killed Crazy Yiuf
  1844 | D:2      | Reached skill level 4 in Axes
  2047 | D:2      | Reached XP level 6. HP: 16/38 MP: 6/6
  2265 | D:3      | Reached skill level 1 in Invocations
  2267 | D:3      | Found a shimmering altar of Xom.
  2314 | D:3      | Reached * piety under Okawaru
  2337 | D:3      | Noticed Robin
  2407 | D:3      | Killed Robin
  2690 | D:3      | Noticed Sigmund
  2726 | D:3      | Killed Sigmund
  2727 | D:3      | Reached XP level 7. HP: 21/43 MP: 6/8
  2972 | D:3      | Found a bloodstained altar of Trog.
  3273 | D:4      | Reached skill level 5 in Axes
  3447 | D:4      | Noticed Grinder
  3481 | D:4      | Paralysed by Grinder for 6 turns
  3495 | D:4      | Killed Grinder
  3495 | D:4      | Reached ** piety under Okawaru
  3801 | D:4      | Reached skill level 5 in Shields
  3801 | D:4      | Reached XP level 8. HP: 37/48 MP: 10/10
  4388 | D:4      | Reached skill level 5 in Armour
  4633 | D:4      | Found an ornate altar of the Wu Jian Council.
  4853 | D:5      | Entered Level 5 of the Dungeon
  4998 | D:5      | Found a staircase to the Ecumenical Temple.
  5010 | Temple   | Entered the Ecumenical Temple
  5565 | D:5      | Found Isyuqef's Weapon Boutique.
  5568 | D:5      | Bought a +3 hand axe of flaming for 246 gold pieces
  5701 | D:5      | Found an opulent altar of Gozag.
  5701 | D:5      | Found a glowing silver altar of Zin.
  5984 | D:6      | Reached skill level 6 in Axes
  5984 | D:6      | Reached skill level 1 in Dodging
  6065 | D:6      | Found a blossoming altar of Fedhas.
  6120 | D:6      | Noticed Prince Ribbit
  6146 | D:6      | Killed Prince Ribbit
  6146 | D:6      | Reached *** piety under Okawaru
  6192 | D:6      | Found Uqeuvvo's Antique Armour Shoppe.
  6292 | D:6      | Reached skill level 5 in Fighting
  6479 | D:6      | Reached XP level 9. HP: 51/54 MP: 12/12
  6866 | D:7      | Noticed a six-headed hydra
  6877 | D:7      | Killed a one-headed hydra
  6877 | D:7      | Reached **** piety under Okawaru
  6878 | D:7      | Reached skill level 7 in Axes
  6878 | D:7      | Reached skill level 5 in Invocations
  7192 | D:7      | Found a shadowy altar of Dithmenos.
  7553 | D:7      | Reached XP level 10. HP: 47/60 MP: 14/14
  7864 | D:7      | Found Nyriem Emiu's Weapon Shoppe.
  8284 | D:8      | Reached skill level 8 in Axes
  8564 | D:8      | Noticed Gastronok
  8592 | D:8      | Killed Gastronok
  8592 | D:8      | Received a gift from Okawaru
  8592 | D:8      | Reached ***** piety under Okawaru
  8923 | D:8      | Reached skill level 9 in Axes
  9341 | D:8      | Found a staircase to the Lair.
  9601 | Lair:1   | Entered Level 1 of the Lair of Beasts
  9628 | Lair:1   | Noticed Grum
  9633 | Lair:1   | Noticed Joseph
  9647 | Lair:1   | Noticed a cane toad
  9653 | Lair:1   | Slain by a cane toad

Illustrated notes

Levels and vault maps discovered:
D:1:      tarquinn_simple_flora_water_f, layout_rooms,
          ebering_ecumenical_altar_hall, minmay_misc_feat_iff,
          minmay_octomino_j4
D:2:      layout_loops_ring, uniq_crazy_yiuf_cottage
D:3:      layout_basic, xom_teletrap_fun, lightli_temple_of_fire, uniq_sigmund,
          uniq_robin
D:4:      cheibrodos_thug_alley, layout_basic, okawaru_metal_pillars_1_2,
          nicolae_wu_jian_immortal_techniques, st_stairs_14, uniq_grinder
D:5:      layout_basic, grunt_temple_overflow_gold_and_silver,
          minmay_temple_entry_drinking_statues, serial_shops, kennysheep_mini,
          minmay_mini_ossuary
D:6:      layout_basic, amcnicky_altar_gilded, serial_shops, shop, serial_glass,
          glass_columns_c, glass_columns_b, corner_web_ring, uniq_prince_ribbit1
D:7:      layout_loops_ring, nicolae_dithmenos_shadow_blocks, serial_shops,
          kennysheep_mini_moat
D:8:      layout_cave_pods, david_lair_shrubbed, kennysheep_generic_room_6,
          uniq_gastronok
Temple:   compressed_dpeg_triangle_lava_temple
Lair:1:   layout_loops_ring, uniq_grum, uniq_joseph

Skill      XL: |  1  2  3  4  5  6  7  8  9 10 |
---------------+-------------------------------+-----
Axes           | 2 3 4 5 6 7 9 |  9.1
Fighting       | 4 5 6 |  6.5
Shields        | 4 5 7 8 |  8.2
Armour         | 4 5 6 7 |  7.5
Invocations    | 2 3 4 5 7 |  7.3
Dodging        | 1 2 |  2.4
Stealth        | |  0.6

Action                   |  1- 3 |  4- 6 |  7- 9 | 10-12 || total
-------------------------+-------+-------+-------+-------++-------
Melee: War axe           |   122 |   146 |   161 |       ||   429
       Hand axe          |       |       |   248 |   152 ||   400
Invok: Heroism           |       |       |       |     1 ||     1
  Use: Scroll            |     2 |     8 |     3 |     5 ||    18
       Potion            |       |       |     1 |     5 ||     6
Armor: Scale mail        |    94 |    33 |       |       ||   127
       Chain mail        |       |    62 |   246 |    70 ||   378
Dodge: Dodged            |    69 |    41 |   105 |    38 ||   253
Block: Kite shield       |    86 |    77 |   253 |    86 ||   502

Table legend: (Time is in decaauts)
 A = Elapsed time spent in this place.
 B = Non-inter-level travel time spent in this place.
 C = Inter-level travel time spent in this place.
 D = Time resting spent in this place.
 E = Time spent auto-exploring this place.
 F = Levels seen in this place.
 G = Mean time per level.
                   A        B        C        D        E       F      G
               +--------+--------+--------+--------+--------+-----+--------+
         Total |   9924 |   9804 |    120 |   1520 |   6109 |  10 |  992.4 |
       Dungeon |   9594 |   9474 |    120 |   1520 |   5854 |   8 | 1199.2 |
        Temple |    277 |    277 |      0 |      0 |    235 |   1 |  277.0 |
          Lair |     51 |     51 |      0 |      0 |     20 |   1 |   51.0 |
               +--------+--------+--------+--------+--------+-----+--------+

Top non-repeatable levels by time:
     D:4: 1770 daAuts
     D:8: 1518 daAuts
     D:3: 1277 daAuts
     D:7: 1228 daAuts
     D:2: 1107 daAuts
     D:6: 932 daAuts
     D:1: 927 daAuts
     D:5: 833 daAuts
  Temple: 277 daAuts
  Lair:1: 51 daAuts
